 Dungeon Crawl Stone Soup version 0.18.1-8-gdd0e5ea (webtiles) character file.

12026 Grim the Warrior (level 11, -6/136 HPs)
             Began as an Ogre Berserker on May 24, 2016.
             Was an Elder of Trog.
             Mangled by an ice beast (14 damage)
             ... summoned by an ice statue
             ... in an ice cave on June 4, 2016.
             The game lasted 00:36:46 (11975 turns).

Grim the Warrior (Ogre Berserker)                  Turns: 11975, Time: 00:36:47

Health: -6/136     AC: 14    Str: 24    XL:     11   Next: 86%
Magic:  11/11      EV: 10    Int: 12    God:    Trog [****..]
Gold:   710        SH:  0    Dex: 12    Spells: 0 memorised, 10 levels left

rFire  . . .     SeeInvis +     K - +0 whip "Dragon's Death" {slash, Fragile rN++ Int+2}
rCold  . . .     Gourm    .     G - +1 robe "Wig Relu" {*Confuse rPois Int+4 SInv} (curse)
rNeg   + + .     Faith    .     (no shield)
rPois  +         Spirit   .     (helmet restricted)
rElec  .         Dismiss  .     e - +2 cloak
rCorr  .         Reflect  .     (gloves unavailable)
SustAt .         Harm     .     (boots unavailable)
MR     +++..                    b - amulet of regeneration
Stlth  +.........               H - +3 ring of protection
                                l - +4 ring of protection

@: regenerating, extremely resistant to hostile enchantments, very unstealthy
A: unfitting armour, blurry vision 1, tough skin 1, evolution 1
a: Berserk, Trog's Hand, Brothers in Arms, Burn Spellbooks, Renounce Religion


You were in an ice cave.
You worshipped Trog.
Trog was greatly pleased with you.
You were not hungry.

You visited 2 branches of the dungeon, and saw 12 of its levels.
You also visited: Ossuary and Ice Cave.

You collected 710 gold pieces.

Inventory:

Hand Weapons
 c - a +0 whip of freezing
 x - a +0 flail
 K - the +0 whip "Dragon's Death" (weapon) {slash, Fragile rN++ Int+2}
   (You found it on level 8 of the Dungeon)

   It inflicts extra damage upon your enemies.
   It affects your intelligence (+2).
   It greatly protects you from negative energy.
   It will be destroyed if unequipped.
 L - a +0 great mace
 M - a +0 giant club
Armour
 e - a +2 cloak (worn)
 G - the cursed +1 robe "Wig Relu" (worn) {*Confuse rPois Int+4 SInv}
   (You found it on level 5 of the Dungeon)

   It affects your intelligence (+4).
   It protects you from poison.
   It lets you see invisible.
   It may confuse you when you take damage.
   It has a curse placed upon it.
Jewellery
 b - an amulet of regeneration (around neck)
 j - a +1 ring of evasion {unknown}
 l - a +4 ring of protection (left hand)
 u - an uncursed ring of flight
 y - an uncursed ring of magical power {unknown}
 H - a +3 ring of protection (right hand)
Wands
 f - a wand of disintegration (12/24)
 g - a wand of acid (2/15)
 m - a wand of iceblast (4/15)
 E - a wand of lightning (4/15)
Scrolls
 a - 4 scrolls of amnesia
 d - 3 scrolls of magic mapping {unknown}
 h - 2 scrolls of recharging {unknown}
 i - a scroll of random uselessness {unknown}
 n - 3 scrolls of noise {unknown}
 r - 4 scrolls of enchant armour
 t - 7 scrolls of teleportation
 P - a scroll of immolation {unknown}
Potions
 o - 2 potions of flight
 p - 2 potions of magic
 s - 2 potions of resistance
 v - 2 potions of brilliance
 z - 3 potions of degeneration
 A - 2 potions of might
 F - 2 potions of berserk rage
 I - a potion of cancellation {unknown}
 N - a potion of lignification {unknown}
 O - a potion of beneficial mutation {unknown}
 Q - 3 potions of agility
 R - 2 potions of ambrosia {unknown}
Comestibles
 k - 2 meat rations
 q - 4 fruits
 D - 9 slices of pizza
 J - a bread ration


   Skills:
 + Level 16.4 Fighting
 + Level 16.3 Maces & Flails
 - Level 2.6 Dodging


You had 10 spell levels left.
You didn't know any spells.

Dungeon Overview and Level Annotations

Branches:
Dungeon (11/15)            Temple (0/1) D:7            Lair (1/8) D:10
    Orc (0/2) D:11

Altars:
Ashenzari
Cheibriados
Fedhas
Gozag
Kikubaaqudgha
Makhleb
Nemelex Xobeh
Okawaru
Pakellas
Ru
Sif Muna
Trog
Vehumet
Zin

Shops:
D:11 (%

Annotations:
D:8 exclusion: oklob plant IceCv exclusion: 2 ice statues


Innate Abilities, Weirdness & Mutations

You are too large for most types of armour.
You have tough skin (AC +1).
Scrolls take you a little longer to read.
You evolve.


Message History

The ice statue is moderately damaged.
You are engulfed in freezing vapours.
* * * LOW HITPOINT WARNING * * *
The ice beast hits you but does no damage. x2
Unknown command.
You hit the ice statue.
The ice statue is moderately damaged.
You are engulfed in freezing vapours.
* * * LOW HITPOINT WARNING * * *
The ice statue gestures. x2
The ice beast closely misses you.
Unknown command.
Drink which item? (? for menu, Esc to quit)
You feel better.
You are engulfed in freezing vapours.
* * * LOW HITPOINT WARNING * * *
The ice beast hits you but does no damage. x2
The ice beast hits you.
* * * LOW HITPOINT WARNING * * *
The ice beast freezes you!
You die...

##.§§§# ##.....#
#..§..§8 #### #.....§##
######..## #.......###
##..##....#
##......§§§###.§........
#.......§§§.#.§.....∩.∩.
#.....§Y§##§§§§##.......
#....§Y@####.§#####....#
##....YY8# #### ##..##
##.#.#### #### ####


You could see 2 ice statues and 4 ice beasts.

Vanquished Creatures
  The ghost of Elizilla the Grappler, a novice TrMo of Qazlal (D:8)
  2 hill giants (D:10)
  Pikel (D:5)
  An ugly thing (D:11)
  Joseph (D:7)
  The ghost of shwouchk the Magician, a novice DsWz of Vehumet (D:6)
  2 kobold demonologists (D:11)
  A troll (D:10)
  3 slime creatures (D:10)
  5 yaks (D:9)
  A human (D:8)
  A wyvern (D:9)
  A steam dragon (D:11)
  The ghost of shwouchk the Magician, an amateur DsWz (D:4)
  2 hippogriffs
  2 hell hounds (D:10)
  A porcupine (Lair:1)
  Duvessa (D:4)
  5 sky beasts
  3 slaves (D:5)
  5 ice beasts
  9 orc warriors
  2 phantoms
  An ogre (D:8)
  2 centaurs
  2 crocodiles
  A big kobold (D:11)
  Blork the orc (D:5)
  An elf zombie (Ossuary)
  4 giant frogs
  Dowan (D:4)
  A water moccasin skeleton (D:9)
  5 wights (D:8)
  3 howler monkeys
  2 crimson imps
  2 centaur zombies (Ossuary)
  A human zombie (Ossuary)
  4 hounds
  2 jellies
  Crazy Yiuf (D:5)
  A giant frog zombie (D:10)
  3 orc priests
  8 orc wizards
  5 giant frog skeletons
  Ijyb (D:3)
  5 iguanas
  5 worker ants
  2 hound skeletons
  2 mummies (Ossuary)
  A howler monkey zombie (D:6)
  A worker ant zombie (D:9)
  Robin (D:2)
  14 adders
  6 gnolls
  3 shadow imps
  2 white imps (IceCv)
  2 ufetubi (IceCv)
  2 oozes
  2 adder zombies
  7 dart slugs
  5 giant geckos
  30 orcs
  2 ball pythons
  5 bats
  6 giant cockroaches
  15 goblins
  9 hobgoblins
  9 jackals
  3 quokkas
  A giant gecko zombie (D:8)
  4 giant newts
  3 goblin zombies (Ossuary)
  9 hobgoblin zombies (Ossuary)
  10 kobolds
  9 kobold zombies (Ossuary)
  8 orc zombies (Ossuary)
  9 rats
  3 rat zombies (Ossuary)
299 creatures vanquished.

Vanquished Creatures (collateral kills)
  3 skeletal warriors (D:11)
  An orc warrior (D:11)
  A centaur skeleton (D:11)
5 creatures vanquished.

Vanquished Creatures (others)
  A phantom (D:5)
  3 white imps (IceCv)
  4 ufetubi (IceCv)
  A giant newt (D:4)
  6 fungi
15 creatures vanquished.

Grand Total: 319 creatures vanquished

Notes
Turn   | Place    | Note
--------------------------------------------------------------
     0 | D:1      | Grim the Ogre Berserker began the quest for the Orb.
     0 | D:1      | Reached XP level 1. HP: 24/24 MP: 1/1
   135 | D:1      | Reached XP level 2. HP: 31/33 MP: 2/2
   500 | D:1      | Reached XP level 3. HP: 40/40 MP: 3/3
   704 | D:1      | Reached skill level 5 in Maces & Flails
   727 | D:1      | Reached ** piety under Trog
   911 | D:2      | Reached skill level 5 in Fighting
   961 | D:2      | Found a faded altar to an unknown god.
   984 | D:2      | Reached XP level 4. HP: 49/50 MP: 4/4
  1390 | D:2      | Found a sparkling altar of Nemelex Xobeh.
  1479 | D:2      | Found an opulent altar of Gozag.
  1667 | D:2      | Noticed Robin
  1688 | D:2      | Killed Robin
  1688 | D:2      | Reached XP level 5. HP: 59/59 MP: 5/5
  1788 | D:2      | Reached *** piety under Trog
  1891 | D:3      | Found an ancient bone altar of Kikubaaqudgha.
  1926 | D:3      | Noticed Ijyb
  1945 | D:3      | Killed Ijyb
  2459 | D:4      | Reached XP level 6. HP: 57/68 MP: 6/6
  2471 | D:4      | Noticed a sky beast
  2513 | D:4      | Killed a sky beast
  2789 | D:4      | Found a bloodstained altar of Trog.
  2789 | D:4      | Found a shattered altar of Ashenzari.
  2789 | D:4      | Found a radiant altar of Vehumet.
  2789 | D:4      | Found a glowing silver altar of Zin.
  2992 | D:4      | Found a blossoming altar of Fedhas.
  2992 | D:4      | Found a sacrificial altar of Ru.
  3101 | D:4      | Noticed Duvessa
  3108 | D:4      | Killed Duvessa
  3108 | D:4      | Reached XP level 7. HP: 79/79 MP: 7/7
  3118 | D:4      | Noticed Dowan
  3171 | D:4      | Killed Dowan
  3285 | D:4      | Noticed shwouchk's ghost (amateur DsWz)
  4037 | D:4      | Killed shwouchk's ghost
  4037 | D:4      | HP: 3/81 [something (3)]
  4625 | D:4      | Reached XP level 8. HP: 92/92 MP: 8/8
  4840 | D:5      | Entered Level 5 of the Dungeon
  4840 | D:5      | Found a burning altar of Makhleb.
  4840 | D:5      | Found a sand-covered staircase.
  4861 | Ossuary  | Entered an ossuary
  5293 | D:5      | Noticed Blork the orc
  5303 | D:5      | Killed Blork the orc
  5306 | D:5      | Reached skill level 10 in Fighting
  5319 | D:5      | Noticed Pikel
  5326 | D:5      | Noticed Crazy Yiuf
  5394 | D:5      | Reached skill level 10 in Maces & Flails
  5402 | D:5      | Killed Crazy Yiuf
  5413 | D:5      | Killed Pikel
  5413 | D:5      | Reached XP level 9. HP: 105/105 MP: 6/9
  5702 | D:5      | Found a snail-covered altar of Cheibriados.
  5867 | D:5      | Got a brightly glowing robe
  5878 | D:5      | Identified the cursed +1 robe "Wig Relu" {*Confuse rPois Int+4 SInv} (You found it on level 5 of the Dungeon)
  6022 | D:6      | Noticed shwouchk's ghost (novice DsWz)
  6179 | D:6      | Killed shwouchk's ghost
  6532 | D:6      | Reached **** piety under Trog
  6659 | D:7      | Noticed Joseph
  6700 | D:7      | Killed Joseph
  6948 | D:7      | Found a deep blue altar of Sif Muna.
  6949 | D:7      | Found an oddly glowing altar of Pakellas.
  7211 | D:7      | Reached XP level 10. HP: 76/118 MP: 10/10
  7417 | D:7      | Found a staircase to the Ecumenical Temple.
  7577 | D:8      | Noticed Elizilla's ghost (novice TrMo)
  7598 | D:8      | Killed Elizilla's ghost
  7907 | D:8      | Got an ancient whip
  7908 | D:8      | Identified the +0 whip "Dragon's Death" {slash, Fragile rN++ Int+2} (You found it on level 8 of the Dungeon)
  8171 | D:8      | Noticed an oklob plant
  8453 | D:8      | Found an iron altar of Okawaru.
  9358 | D:10     | Entered Level 10 of the Dungeon
  9358 | D:10     | Found a staircase to the Lair.
  9592 | D:10     | Noticed a hill giant
  9604 | D:10     | Killed a hill giant
  9604 | D:10     | Reached skill level 15 in Fighting
  9604 | D:10     | Reached XP level 11. HP: 132/132 MP: 11/11
  9745 | D:10     | Reached skill level 15 in Maces & Flails
  9945 | D:10     | Reached ***** piety under Trog
 10224 | D:10     | Gained mutation: You evolve. [potion of mutation]
 10224 | D:10     | Gained mutation: Scrolls take you a little longer to read. [potion of mutation]
 10302 | D:10     | Noticed a hill giant
 10322 | D:10     | Killed a hill giant
 10631 | D:11     | Noticed a sun demon
 10644 | D:11     | Received a gift from Trog
 10647 | D:11     | Noticed a sixfirhy
 10818 | D:11     | Noticed a skeletal warrior
 10821 | D:11     | Noticed a skeletal warrior
 10822 | D:11     | Noticed a skeletal warrior
 10842 | D:11     | Killed a skeletal warrior
 10844 | D:11     | Killed a skeletal warrior
 10864 | D:11     | Killed a skeletal warrior
 10974 | D:11     | Noticed a brown ugly thing
 10989 | D:11     | Killed a brown ugly thing
 11040 | D:11     | Found a staircase to the Orcish Mines.
 11079 | D:11     | Found Reagak's Weapon Boutique.
 11295 | D:11     | Found Ymuar's Food Shoppe.
 11511 | Lair:1   | Entered Level 1 of the Lair of Beasts
 11702 | Lair:1   | Found a frozen archway.
 11748 | IceCv    | Entered an ice cave
 11975 | IceCv    | Mangled by an ice beast

Skill      XL: |  1  2  3  4  5  6  7  8  9 10 11 |
---------------+----------------------------------+-----
Maces & Flails | 5 6 7 9 11 12 14 16 | 16.3
Fighting       | 5 6 7 9 11 12 15 16 | 16.4
Dodging        | |  2.6

Action                   |  1- 3 |  4- 6 |  7- 9 | 10-12 || total
-------------------------+-------+-------+-------+-------++-------
Melee: Mace              |    46 |       |       |       ||    46
       Whip              |    73 |   243 |   690 |   686 ||  1692
Invok: Berserk           |       |     3 |     8 |    12 ||    23
       Trog's Hand       |       |       |     7 |     3 ||    10
       Brothers in Arms  |       |       |       |     2 ||     2
       Burn Spellbooks   |       |       |       |     1 ||     1
  Use: Scroll            |       |     7 |     5 |     6 ||    18
       Potion            |       |       |     5 |     7 ||    12
 Stab: Invisible         |       |       |     1 |       ||     1
       Sleeping          |       |       |     1 |     2 ||     3
  Eat: Chunk             |       |     6 |     4 |    13 ||    23
       Bread ration      |       |     1 |     4 |     2 ||     7
       Meat ration       |       |       |       |     2 ||     2
Armor: Animal skin       |    52 |    94 |       |       ||   146
       Robe              |       |    12 |   222 |   260 ||   494
Dodge: Dodged            |    64 |   104 |   254 |   229 ||   651
